Map: Rorschach LE

Players

BabyMarine

  • Race: Terran Terran
  • Spawn Location: 7:00

Mixu - Winner!

  • Race: Zerg Zerg
  • League: Grandmaster
  • Spawn Location: 5:00

Event: HomeStory Cup XXIX

VOD

Have the link to the VOD?

Description

Time

  • Played on: July 4, 2026, 2:04 p.m.
  • Length: 14:41

All games in this series

Show
View Real Time Build Order
Export as new Build Order

BabyMarine Terran 

Build Orders: Reaper Expand 

Get SALT Encoding   

  8  0:00  SCV  
  9  0:12  SCV  
  10  0:24  SCV  
  11  0:29  Supply Depot  
  11  0:36  SCV  
  12  0:48  SCV  
  13  0:53  Barracks  
  13  1:01  SCV  
  14  1:05  Refinery  
  14  1:13  SCV  
  15  1:25  SCV  
  16  1:37  SCV  
  17  1:49  Orbital Command  
  17  1:50  Reaper  
  18  2:08  Command Center  
  18  2:14  SCV  
  19  2:25  Marine, Supply Depot  
  19  2:26  SCV  
  21  2:37  Factory  
  21  2:45  Refinery  
  21  2:46  Barracks Reactor  
  21  2:47  SCV  
  22  2:59  SCV  
  23  3:12  SCV  
  24  3:20  Orbital Command  
  24  3:22  Starport  
  24  3:25  SCV  
  25  3:29  Hellion x2  
  29  3:37  SCV  
  30  3:45  SCV  
  31  3:49  SCV  
  31  3:53  Hellion x2  
  36  3:56  Supply Depot  
  36  4:00  Viking  
  38  4:03  SCV x2  
  38  4:08  Supply Depot  
  40  4:10  Barracks Tech Lab  
  40  4:15  SCV x2  
  42  4:22  Hellion x2  
  46  4:30  Medivac, SCV x2  
  50  4:40  Supply Depot  
  50  4:43  SCV x2  
  52  4:49  Stimpack  
  52  4:57  Command Center, SCV x2  
  54  5:01  Marine  
  55  5:08  Barracks  
  55  5:09  SCV  
  56  5:15  SCV  
  56  5:21  Marine, SCV  
  58  5:22  Factory Tech Lab, Starport Reactor  
  58  5:25  Barracks  
  58  5:26  Supply Depot  
  59  5:34  SCV x2  
  61  5:36  Supply Depot  
  61  5:39  Engineering Bay x2  
  61  5:46  SCV  
  62  5:50  Marine  
  62  5:52  SCV  
  62  5:54  Refinery x2  
  64  5:58  SCV  
  64  5:59  Siege Tank  
  68  6:07  Starport Reactor  
  68  6:09  SCV, Orbital Command  
  68  6:10  SCV  
  70  6:13  Marine  
  70  6:16  Marine x2  
  71  6:20  Barracks  
  71  6:21  Barracks, Terran Infantry Weapons Level 1, Terran Infantry Armor Level 1  
  71  6:27  Marine x2  
  71  6:29  SCV x2, Orbital Command  
  71  6:31  Marine  
  71  6:32  Combat Shield  
  76  6:38  Siege Tank, Marine x2  
  81  6:43  SCV x2  
  83  6:47  Marine x2  
  83  6:48  Medivac x2  
  89  6:55  SCV x2  
  89  7:01  Supply Depot x2  
  91  7:02  Marine x2  
  91  7:05  Supply Depot  
  91  7:07  Marine x2  
  91  7:08  Barracks Reactor x2  
  95  7:22  Medivac x2, SCV x2  
  101  7:23  Marine x2, Siege Tank  
  101  7:28  SCV  
  101  7:29  Supply Depot, Armory  
  107  7:32  Marine x3  
  107  7:34  SCV  
  111  7:38  Factory  
  107  7:44  Marine  
  107  7:45  Marine x2  
  107  7:47  Marine x2  
  107  7:48  SCV  
  106  7:51  SCV  
  106  7:52  Marine x3  
  106  7:55  Siege Tank  
  106  7:56  SCV  
  111  8:00  SCV  
  111  8:03  SCV  
  112  8:06  Marine  
  112  8:07  Marine x5  
  118  8:17  SCV x3  
  121  8:21  Supply Depot x2  
  121  8:22  Supply Depot  
  121  8:23  Factory Reactor  
  121  8:24  Drilling Claws  
  121  8:27  Terran Infantry Weapons Level 2  
  121  8:30  Refinery  
  121  8:33  SCV x2  
  121  8:35  Marine x6  
  121  8:37  Factory Tech Lab  
  127  8:42  Marine x3, Siege Tank  
  133  8:52  Command Center  
  133  8:53  Terran Vehicle Weapons Level 1, Marine  
  133  8:54  Terran Infantry Armor Level 2  
  134  8:56  SCV x3  
  137  9:03  Marine  
  137  9:04  Marine x4  
  137  9:07  Marine x3  
  140  9:10  Siege Tank, Marine  
  140  9:16  Refinery  
  144  9:18  Supply Depot  
  144  9:21  SCV x2, Marine x2  
  146  9:24  Marine  
  146  9:26  Marine x5  
  146  9:28  Marine  
  152  9:34  Sensor Tower  
  152  9:38  Siege Tank  
  155  9:39  Marine  
  155  9:40  SCV x2, Barracks  
  155  9:41  Barracks  
  155  9:42  Barracks  
  155  9:44  Marine  
  155  9:45  Marine  
  155  9:46  SCV  
  155  9:52  SCV  
  143  9:54  Marine x4  
  143  9:55  SCV  
  143  9:56  Siege Tank  
  143  9:57  Marine  
  143  9:58  SCV  
  139  10:04  SCV, Marine  
  139  10:05  Marine x3  
  142  10:07  SCV  
  142  10:12  Supply Depot  
  142  10:13  Supply Depot  
  143  10:22  Supply Depot  
  143  10:30  Factory Tech Lab  
  143  10:34  Marine x10  
  143  10:35  Marine, Medivac  
  154  10:37  Marine  
  154  10:39  Siege Tank  
  155  10:43  Supply Depot  
  155  10:47  Supply Depot  
  152  10:50  Siege Tank  
  152  10:51  Marine x6  
  152  10:52  Marine x2  
  152  10:54  Marine x2  
  152  10:56  Marine x2  
  166  11:07  Command Center  
  166  11:09  Marine x5  
  171  11:13  Marine x5  
  171  11:14  Marine  
  177  11:20  Terran Infantry Weapons Level 3  
  177  11:23  Terran Infantry Armor Level 3  
  177  11:29  Marine x6  
  177  11:31  Marine x2  
  177  11:32  Marine x4  
  175  11:33  Siege Tank  
  166  11:41  Medivac x2  
  170  11:47  Marine x4  
  170  11:50  Marine  
  170  11:51  Marine x2  
  170  11:52  Marine x2  
  170  11:53  Marine  
  180  12:03  Siege Tank  
  183  12:13  Marine x2  
  183  12:14  Marine x2  
  182  12:16  Siege Tank  
  182  12:19  Marine  
  182  12:20  Marine x3  
  182  12:21  SCV  
  182  12:22  SCV  
  157  12:23  SCV  
  157  12:24  Marine x3  
  152  12:34  SCV x2  
  152  12:36  SCV  
  151  12:38  Siege Tank  
  154  12:46  SCV x2, Marine  
  154  12:47  Marine, Barracks Tech Lab x3  
  154  12:48  SCV, Siege Tank  
  162  12:56  Marine x3  
  162  12:58  SCV x2  
  146  13:01  SCV  
  147  13:10  SCV, Siege Tank  
  152  13:13  Marauder x2, SCV  
  152  13:20  Siege Tank, Marine x4  
  152  13:21  Marauder x2  
  152  13:22  SCV  
  137  13:34  SCV  
  133  13:46  SCV  
  131  13:50  Marine  
  131  13:51  Marauder  
  132  13:58  SCV  
  132  14:00  Marine  
  122  14:03  Orbital Command  
  121  14:10  SCV  
Show
View Real Time Build Order
Export as new Build Order

Mixu Zerg - Winner!

Build Orders: Hatch First 

Get SALT Encoding   

  8  0:00  Drone  
  9  0:10  Drone  
  10  0:17  Drone  
  11  0:22  Drone  
  12  0:32  Overlord  
  12  0:39  Extractor, Drone  
  13  0:51  Drone x2  
  15  1:10  Hatchery  
  14  1:14  Drone  
  14  1:17  Drone  
  16  1:32  Spawning Pool  
  15  1:35  Drone  
  15  1:39  Drone  
  17  1:42  Extractor  
  17  1:44  Drone  
  17  1:50  Drone  
  18  2:00  Drone  
  19  2:12  Drone  
  20  2:21  Overlord, Queen  
  22  2:24  Queen  
  24  2:39  Zergling x2  
  24  2:40  Drone x2  
  24  2:42  Drone x2  
  29  2:51  Extractor  
  28  2:53  Spore Crawler, Drone x2  
  29  3:01  Extractor  
  29  3:02  Drone x2  
  29  3:12  Overlord  
  32  3:13  Metabolic Boost  
  32  3:21  Hatchery  
  32  3:25  Drone  
  32  3:29  Overlord  
  32  3:31  Drone x2  
  32  3:34  Drone  
  35  3:37  Drone  
  35  3:38  Drone x2  
  38  3:44  Drone x2  
  40  3:49  Queen  
  40  3:52  Drone  
  40  3:54  Drone  
  44  4:02  Drone  
  45  4:05  Drone, Overlord  
  45  4:06  Drone x2  
  48  4:18  Overlord  
  48  4:23  Queen  
  50  4:24  Overlord  
  50  4:26  Drone x2  
  50  4:28  Queen  
  54  4:34  Queen, Baneling Nest  
  54  4:36  Zergling x2  
  54  4:37  Zergling x2  
  57  4:41  Zergling x2  
  57  4:42  Spore Crawler  
  57  4:44  Zergling x6  
  60  4:47  Zergling x4  
  60  4:48  Drone  
  60  4:50  Drone  
  64  4:54  Overlord  
  64  4:55  Drone x2  
  66  5:00  Drone x2  
  66  5:06  Overlord  
  68  5:13  Queen  
  70  5:14  Overlord  
  70  5:16  Drone x6  
  70  5:20  Overlord  
  75  5:23  Zergling x2  
  75  5:25  Baneling  
  75  5:26  Baneling x2  
  78  5:29  Baneling  
  78  5:30  Lair  
  78  5:34  Drone x3  
  79  5:37  Drone x5  
  79  5:38  Extractor  
  79  5:39  Drone x3  
  86  5:46  Drone x5  
  85  5:59  Drone x4  
  88  6:07  Evolution Chamber  
  88  6:08  Extractor  
  88  6:09  Evolution Chamber  
  85  6:11  Drone  
  85  6:17  Drone  
  87  6:20  Drone x6  
  87  6:23  Drone  
  87  6:24  Hatchery  
  93  6:29  Hatchery  
  93  6:30  Centrifugal Hooks, Overlord  
  93  6:32  Zergling x8, Extractor  
  95  6:33  Extractor  
  95  6:38  Zergling x4  
  96  6:42  Hydralisk Den  
  96  6:45  Zergling x4  
  97  6:48  Overlord x3  
  97  6:49  Zergling x6  
  97  6:51  Zergling x4  
  97  6:53  Zerg Ground Armor Level 1  
  102  6:57  Zergling x6  
  105  7:02  Overlord x2, Zergling x2  
  106  7:09  Zerg Melee Weapons Level 1  
  106  7:10  Zergling x6  
  106  7:14  Drone  
  110  7:17  Baneling x6  
  110  7:18  Muscular Augments  
  110  7:19  Zergling x12  
  116  7:27  Zergling x10  
  116  7:28  Hydralisk  
  123  7:32  Hydralisk x2  
  127  7:39  Zergling x4  
  127  7:43  Zergling x6  
  127  7:46  Zergling x2  
  127  7:47  Zergling x12  
  130  7:52  Zergling x6  
  130  7:56  Hydralisk x5  
  138  8:01  Zergling x4  
  138  8:05  Zergling x2  
  138  8:06  Burrow  
  138  8:08  Drone x2  
  138  8:12  Drone x2  
  140  8:17  Zergling x14  
  140  8:18  Baneling x9  
  147  8:20  Hydralisk  
  147  8:21  Drone x2  
  151  8:28  Hydralisk x2  
  151  8:30  Overlord x3  
  155  8:34  Overlord  
  155  8:39  Overlord  
  155  8:41  Overlord  
  155  8:47  Infestation Pit, Zerg Ground Armor Level 2  
  155  8:48  Drone x8  
  162  8:57  Zergling x18  
  170  9:04  Zergling x14  
  177  9:15  Hydralisk x2, Drone, Zergling x10  
  187  9:23  Hatchery  
  187  9:24  Grooved Spines  
  177  9:28  Zergling x10, Baneling  
  181  9:31  Zergling x4  
  181  9:35  Zergling x6  
  184  9:39  Zergling x6  
  159  9:45  Hydralisk  
  159  9:46  Hydralisk x2  
  159  9:47  Zergling x2  
  159  9:48  Zergling x6  
  164  9:55  Zergling x10  
  164  9:58  Zergling x2  
  148  10:03  Zerg Melee Weapons Level 2  
  148  10:04  Hatchery  
  147  10:13  Baneling x5, Zergling x12  
  153  10:17  Zergling x8  
  153  10:20  Baneling x4  
  153  10:23  Zergling x8  
  153  10:24  Hydralisk  
  153  10:27  Baneling  
  153  10:28  Baneling x2  
  150  10:30  Zergling x4  
  150  10:35  Zergling x10  
  156  10:37  Baneling x4  
  156  10:39  Hydralisk x3  
  156  10:42  Zergling x4  
  163  10:46  Zergling x8  
  152  10:50  Zergling x10  
  152  10:55  Zergling x4  
  157  10:57  Baneling x3  
  157  10:58  Zergling x4  
  157  11:04  Infestor x2  
  158  11:05  Hive  
  158  11:08  Zerg Missile Weapons Level 1  
  158  11:09  Hydralisk x3, Baneling x2  
  158  11:10  Baneling  
  168  11:15  Hydralisk x4  
  168  11:16  Zergling x2  
  178  11:18  Drone x2  
  178  11:19  Drone  
  178  11:23  Zergling x8  
  182  11:26  Hydralisk  
  182  11:30  Hydralisk x4  
  174  11:38  Zergling x16  
  180  11:44  Baneling x2  
  180  11:45  Baneling x7  
  180  11:48  Extractor  
  180  11:49  Zergling x2  
  180  11:50  Zergling x18  
  186  11:55  Zergling x6  
  186  12:01  Zergling x16  
  196  12:03  Baneling x2  
  196  12:07  Zergling x8  
  187  12:18  Zergling x16  
  179  12:26  Hydralisk  
  179  12:27  Hydralisk x3, Zergling x12  
  181  12:30  Adrenal Glands  
  181  12:31  Zergling x14  
  186  12:38  Zergling x8  
  190  12:46  Zergling x14  
  197  12:52  Drone x2  
  199  13:03  Hydralisk  
  198  13:05  Zergling x4  
  196  13:15  Zergling x14  
  190  13:21  Hydralisk x4  
  190  13:22  Zergling x2  
  190  13:23  Zergling x8  
  181  13:28  Zergling x4  
  181  13:31  Hydralisk x2  
  168  13:38  Hydralisk, Zergling x4  
  162  13:43  Zergling x8, Queen  
  162  13:44  Queen x2  
  162  13:46  Zergling x2  
  162  13:47  Queen x2  
  166  13:50  Zergling x2  
  166  13:51  Queen  
  166  13:52  Infestor  
  166  13:54  Zergling x6  
  157  13:57  Hydralisk  
  157  14:02  Zergling x4  
  153  14:04  Drone x2  
  153  14:06  Zergling x16  
  163  14:11  Zergling x6  
  163  14:14  Baneling  
  163  14:16  Zergling x6  
Tags
 
Add a new tag
Caveats
  • Supply blocks, unpowered buildings, or Contaminate may cause inaccurate times.
  • Supply counts are checked every 10 seconds.